 Dungeon Crawl Stone Soup version 0.22-a0-40-g3d2f077 (webtiles) character file.

29 4thArraOfDagon the Grave Robber (level 3, 5/24 HPs)
             Began as a Human Necromancer on Jan 4, 2018.
             Quit the game on level 4 of the Dungeon.
             The game lasted 00:05:03 (1283 turns).

4thArraOfDagon the Grave Robber (Human Necromancer) Turns: 1283, Time: 00:05:04

Health: 5/24       AC:  5    Str:  5 (8)  XL:     3   Next: 32%
Magic:  6/6        EV:  9    Int: 15 (16) God:
Gold:   62         SH:  0    Dex:  5 (13) Spells: 2/6 levels left

rFire    . . .     SeeInvis .   (no weapon)
rCold    . . .     Gourm    .   (no shield)
rNeg     . . .     Faith    .   f - +0 ring mail
rPois    .         Spirit   .   (no helmet)
rElec    .         Reflect  .   (no cloak)
rCorr    .         Harm     .   (no gloves)
MR       .....                  (no boots)
Stlth    +.........             (no amulet)
HPRegen  0.08/turn              (no ring)
MPRegen  0.10/turn              (no ring)

@: no status effects
A: no striking features
a: no special abilities


You were on level 4 of the Dungeon.
You were not hungry.

You visited 1 branch of the dungeon, and saw 5 of its levels.

You collected 62 gold pieces.

Inventory:

Armour
 a - a +0 robe
 f - a +0 ring mail (worn)
Jewellery
 j - an uncursed ring of fire
Books
 b - a book of Necromancy

   Spells                             Type                      Level
   a - Pain                           Necromancy                   1
   b - Animate Skeleton               Necromancy                   1
   c - Vampiric Draining              Necromancy                   3
   d - Regeneration                   Charms/Necromancy            3
   e - Animate Dead                   Necromancy                   4
   f - Borgnjor's Vile Clutch         Necromancy/Earth             5
Comestibles
 c - 4 rations


   Skills:
 - Level 2.0 Dodging
 - Level 2.0 Stealth
 + Level 2.4 Spellcasting
 * Level 4.7 Necromancy


You had 2 spell levels left.
You knew the following spells:

 Your Spells              Type           Power        Failure   Level  Hunger
a - Pain                  Necr           ###.         14%         1    #......
b - Vampiric Draining     Necr           ###.......   41%         3    ###....


Dungeon Overview and Level Annotations

Branches:
Dungeon (5/15)
 Temple: D:4-7

Altars:


Message History

Unknown command.
Unknown command.
The quasit bites you but does no damage.
The quasit claws you.
* * * LOW HITPOINT WARNING * * *
You feel clumsy.
The quasit claws you but does no damage.
Found 2 puce potions.
There is a stone staircase leading up here.
Unknown command.
The quasit misses you. The quasit claws you.
* * * LOW HITPOINT WARNING * * *
The quasit claws you but does no damage.
The centaur skeleton hits you but does no damage.
You climb upwards.
Found 4 curare-tipped needles.
There is a stone staircase leading down here.
You aren't carrying any potions.
Okay, then.
Are you sure you want to abandon this character and quit the game? (Confirm with "yes".)

*,,,,,**,*,,*,,,#..*
*,******,,,,**,**..*
*,###***,*,,,,,,,,.#
*,#..,,,,,,,..,,,,#.
*,#.#***,,*,*#..###.
*,#.# **,*,*#......
*,#.# *,*,,....##.
*,#.# *,***#,,###.
*,#@# *,,,,,,,..#.
*,#5# ******,,#.#.
*,#.# *,,#.#. *,#.#
*,,#Z#. *,#.#
#,,#...
*,#.#******###..###.
*,#..,,,,,,........W
*,(..,>,,**########.
********,,,.w...%.>.


You could see a quasit (inner flame).

Vanquished Creatures
  A leopard gecko (D:3)
  2 giant cockroaches
  4 goblins
  4 hobgoblins
  2 jackals (D:2)
  3 kobolds
  A quokka (D:3)
  A ball python (D:1)
  2 bats
  2 frilled lizards
  A quokka skeleton (D:4)
  3 rats
26 creatures vanquished.

Notes
Turn   | Place    | Note
-------+----------+-------------------------------------------
     0 | D:1      | 4thArraOfDagon the Human Necromancer began the quest for the Orb.
     0 | D:1      | Reached XP level 1. HP: 13/13 MP: 3/3
   500 | D:1      | Reached XP level 2. HP: 9/19 MP: 1/5
   616 | D:1      | dafuk
   838 | D:2      | Vajrapani: have u tried out the new zombie hands spell?
   842 | D:2      | jacquesderrida: Daganz
  1042 | D:3      | Reached XP level 3. HP: 9/24 MP: 2/6
  1047 | D:3      | Learned a level 3 spell: Vampiric Draining
  1245 | D:4      | Noticed a phantom
  1272 | D:5      | Entered Level 5 of the Dungeon
  1283 | D:4      | Quit the game

Vault maps used:
D:1:      dpeg_arrival_radiant, hangedman_decor_push, st_stairs_13
D:2:      first_ration, kennysheep_generic_room_9
D:3:      minivault_19
D:5:      minmay_temple_entry_trees

Action                   || total
-------------------------++-------
Melee: Unarmed           ||    15
 Cast: Pain              ||    52
  Use: Scroll            ||     2
       Potion            ||     2
  Eat: Chunk             ||     2
Armor: Robe              ||     2
       Ring mail         ||    29
Dodge: Dodged            ||    30

Table legend:
 A = Spawn XP
 B = Non-spawn XP
 C = Spawn XP percentage of total XP
 D = Spawn monster count
 E = Non-spawn monster count
 F = Spawn count percentage of total count
 G = Total turns spent on level
                    A         B        C        D         E        F      G
               +---------+---------+-------+---------+---------+-------+---------
         Total |       0 |      42 |   0.0 |       0 |      26 |   0.0 |  1283
               +---------+---------+-------+---------+---------+-------+---------
           D:1 |       0 |      15 |   0.0 |       0 |      10 |   0.0 |   688
           D:2 |       0 |      12 |   0.0 |       0 |       7 |   0.0 |   337
           D:3 |       0 |      14 |   0.0 |       0 |       8 |   0.0 |   191
           D:4 |       0 |       1 |   0.0 |       0 |       1 |   0.0 |    57
               +---------+---------+-------+---------+---------+-------+---------
